Map: Rifts to Korhal

Players

Вестник

  • Race: Protoss Protoss
  • Spawn Location: 7:00

NamroodTuo

  • Race: Zerg Zerg

VOD

Have the link to the VOD?

Description

Time

  • Played on: Dec. 26, 2022, 10:49 a.m.
  • Length: 27:08
Show
View Real Time Build Order
Export as new Build Order

Вестник Protoss 

Build Orders:  

Get SALT Encoding   

  12  0:23  Pylon  
  12  0:27  Assimilator  
  12  0:32  Probe (Chrono Boost)  
  13  0:57  Pylon  
  13  0:59  Probe (Chrono Boost)  
  14  1:13  Probe (Chrono Boost)  
  14  1:16  Gateway  
  15  1:30  Probe (Chrono Boost)  
  16  1:44  Probe (Chrono Boost)  
  17  1:56  Gateway  
  17  2:05  Assimilator  
  17  2:06  Probe (Chrono Boost)  
  18  2:20  Probe (Chrono Boost)  
  18  2:23  Zealot  
  21  2:44  Forge  
  21  2:53  Zealot  
  21  2:59  Probe (Chrono Boost)  
  24  3:13  Probe (Chrono Boost)  
  25  3:26  Zealot  
  25  3:27  Zealot  
  29  3:42  Cybernetics Core  
  29  3:51  Zealot  
  31  4:08  Pylon  
  31  4:14  Pylon  
  31  4:34  Zealot  
  33  6:14  Twilight Council  
  33  6:21  Photon Cannon  
  33  6:25  Photon Cannon  
  33  6:28  Photon Cannon  
  33  6:32  Photon Cannon  
  33  6:36  Photon Cannon  
  33  6:41  Photon Cannon  
  33  6:42  Photon Cannon  
  33  6:53  Gateway  
  33  6:58  Dragoon  
  35  7:02  Dragoon  
  37  7:22  Whirlwind  
  25  8:52  Charge  
  25  9:06  Zealot  
  25  9:08  Dragoon  
  29  9:11  Dragoon  
  29  9:12  Zealot  
  29  9:13  Zealot  
  29  9:14  Zealot  
  29  9:16  Zealot  
  29  9:17  Zealot  
  29  9:19  Zealot  
  43  9:52  Trillic Compresion Mesh  
  43  10:25  Probe (Chrono Boost)  
  44  10:33  Protoss Ground Weapons Level 1  
  44  10:39  Probe (Chrono Boost)  
  45  10:53  Probe (Chrono Boost), Templar Archives  
  46  11:01  Pylon  
  46  11:07  Pylon  
  46  11:11  Pylon  
  46  11:22  Singularity Charge  
  46  11:24  Robotics Facility  
  46  12:45  Robotics Facility  
  46  12:52  Khaydarin Amulet  
  46  12:56  Robotics Bay  
  46  13:11  Stargate  
  46  13:12  Stargate  
  46  13:13  Protoss Ground Armor Level 1  
  46  13:16  Probe (Chrono Boost)  
  82  13:30  Probe (Chrono Boost)  
  47  13:38  Pylon  
  48  13:47  Pylon  
  48  14:11  Gateway  
  48  14:20  Gateway  
  48  14:21  Gateway  
  48  14:39  Pylon  
  46  15:10  Immortal  
  46  15:11  Immortal  
  54  15:41  Gravitic Boosters  
  54  15:53  Protoss Shields Level 1  
  54  15:58  Pylon  
  54  16:02  Pylon  
  54  16:05  Reaver  
  54  16:06  Observer  
  61  16:18  Zealot  
  63  16:20  Zealot  
  63  16:22  Zealot  
  63  16:23  Zealot  
  63  16:24  Zealot  
  63  16:28  Zealot  
  73  16:41  Improved Barrier  
  54  19:16  Immortal x2  
  60  19:28  Zealot  
  60  19:29  Zealot  
  62  19:31  Zealot  
  62  19:33  Zealot  
  62  19:34  Zealot  
  62  19:37  Zealot  
  68  20:11  Immortal x2  
  76  21:05  Reaver  
  76  21:06  Reaver  
  88  21:25  High Templar  
  88  21:26  High Templar  
  88  21:28  High Templar  
  88  21:29  High Templar  
  96  21:32  High Templar  
  96  21:33  High Templar  
  96  21:35  Archon  
  96  21:36  Archon  
  96  21:38  Archon  
  100  21:43  Zealot  
  100  21:44  Zealot  
  100  21:45  Zealot  
  100  21:47  Zealot  
  100  21:48  Zealot  
  94  24:22  Zealot  
  94  24:23  Zealot  
  94  24:26  Zealot  
  94  24:27  Zealot  
  94  24:29  Zealot  
  104  24:30  Zealot  
  104  24:32  Zealot  
  104  24:33  Zealot  
  104  24:34  Zealot  
  104  24:36  Zealot  
  104  24:37  Zealot  
  104  24:38  Zealot  
Show
View Real Time Build Order
Export as new Build Order

NamroodTuo Zerg 

Build Orders:  

Get SALT Encoding   

  12  0:05  Infested SCV  
  13  0:12  Infested SCV  
  14  0:23  Infested SCV  
  15  0:32  Overlord  
  15  0:50  Infested Barracks  
  15  0:58  Infested SCV  
  15  0:59  Infested SCV  
  17  1:08  Infested SCV  
  18  1:23  Infested SCV  
  19  1:38  Overlord  
  19  1:52  Infested Marine  
  20  2:13  Infestation Level 1  
  20  2:14  Infested Engineering Bay, Infested SCV  
  20  2:16  Infested SCV  
  22  2:30  Infested SCV  
  22  2:31  Infested Marine  
  22  2:32  Infested Marine x3  
  22  2:34  Infested Marine  
  28  2:46  Infested Refinery  
  28  2:50  Infested Refinery  
  28  2:51  Infested Marine  
  28  2:53  Infested Marine x2  
  31  3:11  Overlord  
  31  3:12  Overlord  
  31  3:14  Overlord  
  31  3:32  Infested SCV  
  31  3:41  Infested Marine x4  
  31  3:42  Infested Marine x2  
  37  3:55  Infested SCV  
  33  4:28  Infested Marine  
  33  4:29  Infested Marine x9  
  43  4:38  Infestation Level 2  
  40  4:59  Unknown  
  34  5:45  Infested Marine  
  34  5:46  Infested Marine x9  
  44  6:04  Infested Bunker  
  42  6:17  Infested Barracks  
  42  6:31  Infested Barracks Tech Lab  
  42  6:34  Infested Barracks  
  42  6:35  Stukov Infantry Weapons Level 1  
  42  6:49  Infested SCV  
  43  6:50  Infested SCV  
  43  6:56  Infested Bunker  
  44  7:12  Infested Marine x10  
  44  7:19  Infested Barracks  
  44  7:30  Infested Factory  
  44  7:37  Retinal Augmentation  
  44  7:58  Infested Marine x10  
  44  7:59  Infested Marine  
  51  8:37  Infested Bunker  
  49  9:15  Stukov Infantry Armor Level 1  
  49  9:21  Infested Command Center  
  49  9:32  Infested SCV x2  
  49  9:38  Infested SCV  
  41  9:44  Infested SCV  
  42  9:54  Overlord  
  42  10:43  Infested SCV x2  
  44  10:55  Overlord  
  44  10:57  Overlord  
  44  11:04  Infested SCV  
  44  11:06  Infested SCV  
  46  11:14  Infested SCV, Infested Refinery  
  47  11:32  Infested Marine  
  47  11:33  Infested Marine x11  
  47  11:34  Infested Marine x12  
  71  11:55  Infested Marine  
  71  11:56  Infested Marine x15  
  71  11:57  Infested Marine x7  
  88  12:33  Infested SCV x2  
  88  12:34  Infested SCV x3  
  93  12:44  Infested Refinery  
  93  12:47  Overlord  
  93  12:48  Overlord x3  
  93  13:03  Infested SCV  
  76  13:24  Infested SCV x2  
  78  13:34  Infested Missile Turret  
  59  14:03  Infested Bunker  
  59  14:07  Stukov Infantry Weapons Level 2  
  59  14:10  Infested Armory  
  59  14:19  Infested Marine  
  60  14:20  Infested Marine x8  
  66  15:18  Infested Marine  
  66  15:19  Infested Marine x14  
  81  15:20  Infested Marine x8  
  88  15:49  Infested Bunker  
  84  16:24  Overseer  
  84  16:26  Overseer  
  83  16:37  Infested SCV x2  
  83  16:38  Infested SCV x3  
  88  16:54  Infested Bunker  
  77  17:02  Infested Bunker  
  76  17:12  Infested Missile Turret  
  76  17:17  Stukov Infantry Armor Level 2  
  76  17:39  Infested Marine x3  
  79  17:40  Infested Marine x25, Infested Missile Turret  
  79  17:41  Infested Marine x12  
  116  18:02  Infested Marine x9  
  116  18:03  Infested Marine  
  116  18:09  Infested Missile Turret  
  125  18:55  Infested Marine  
  126  19:03  Overlord x5  
  126  19:07  Overlord x3  
  126  19:08  Overlord x2  
  126  19:09  Infested Marine  
  84  19:40  Infested Marine  
  84  19:41  Infested Marine x15  
  84  19:42  Infested Marine x22  
  84  19:43  Infested Marine x2  
  118  19:53  Infestation Level 3  
  118  19:56  Aggressive Incubation  
  122  20:27  Stukov Infantry Weapons Level 3  
  129  20:46  Infested Bunker  
  128  20:52  Infested Bunker  
  128  20:56  Infested Bunker  
  84  22:07  Infested Marine  
  85  22:25  Infested SCV x2  
  85  22:26  Infested SCV x3  
  90  22:46  Infested Marine  
  90  22:47  Infested Marine x23  
  90  22:48  Infested Marine x16  
  130  23:18  Infested Marine  
  130  23:19  Infested Marine x16  
  147  23:20  Infested Marine x4  
  147  23:21  Infested Marine x2  
  147  23:22  Infested Marine x3  
  154  24:11  Infested Marine x7  
  154  24:12  Infested Marine x25  
  154  24:13  Infested Marine x8  
  145  24:52  Infested Marine  
  145  24:53  Infested Marine x23  
  145  24:54  Infested Marine x2  
  155  25:16  Infested Marine  
  155  25:17  Infested Marine x15  
  155  25:18  Infested Marine x9  
  172  25:30  Infested Marine  
  172  25:31  Infested Marine  
  172  25:34  Infested Marine  
  172  25:35  Infested Marine x3  
  136  26:02  Infested Marine  
  136  26:03  Infested Marine x17  
  136  26:04  Infested Marine x12  
  166  26:12  Infested Marine  
  166  26:13  Infested Marine x7  
Tags
 
Commander
ArtanisStukov
Matchup
Co-op
Replay Pack
Multiplayer
Add a new tag
Caveats
  • Supply blocks, unpowered buildings, or Contaminate may cause inaccurate times.
  • Supply counts are checked every 10 seconds.